 Dungeon Crawl Stone Soup version 0.32-a0-540-g866d13106e (webtiles) character file.

Game seed: 12378435978316040864

2678 javelincjr the Trooper (level 9, -3/71 HPs)
             Began as a Demonspawn Warper on Feb 28, 2024.
             Slain by a hornet (11 damage)
             ... on level 7 of the Dungeon.
             The game lasted 00:37:05 (7159 turns).

javelincjr the Trooper (Demonspawn Warper)          Turns: 7159, Time: 00:37:06

Health: -3/71      AC: 11    Str: 15    XL:     9   Next: 37%
Magic:  12/12      EV: 12    Int: 13    God:
Gold:   417        SH:  4    Dex: 14    Spells: 8/12 levels left

rFire   + .          .
                       - Unarmed
rCold   . . .        (no shield)
rNeg    . . .        x - +0 leather armour
rPois   .            (helmet restricted)
rElec   .            (no cloak)
rCorr   .            w - +2 pair of gloves of Pedyirum {+Inv}
SInv    .            L - +0 pair of boots
Will    .....        (no amulet)
Stlth   +            r - ring of protection from fire
HPRegen 0.31/turn    B - ring of wizardry
MPRegen 0.13/turn

%: wizardry (x1)
@: lethally poisoned (-3 -> -15), slowed, very slow
A: antennae 1, demonic guardian 1, icemail 1, condensation shield
a: Evoke Invisibility


You were on level 7 of the Dungeon.
You visited 2 branches of the dungeon, and saw 8 of its levels.

You collected 417 gold pieces.

Inventory:

Hand Weapons
 a - a +0 arbalest
 b - a +2 mace of protection
 A - a +0 sling
 E - a +2 dagger of venom
 F - a +1 spear
 G - a +3 halberd
Missiles
 d - 7 darts of dispersal
 q - 5 curare-tipped darts
 C - 7 boomerangs (quivered)
 N - 6 poisoned darts
Armour
 o - a +0 helmet
 t - a +0 ring mail
 w - the +2 pair of gloves of Pedyirum (worn) {+Inv}
   (You found it on level 2 of the Dungeon)

   +Inv:      It lets you turn invisible.
 x - a +0 leather armour (worn)
 L - a +0 pair of boots (worn)
Jewellery
 r - a ring of protection from fire (left hand)
 B - a ring of wizardry (right hand)
Talismans
 f - a blade talisman
 u - a maw talisman
 y - a beast talisman
Wands
 s - a wand of charming (19)
 v - a wand of mindburst (15)
 O - a wand of polymorph (8)
Scrolls
 c - 2 scrolls of blinking
 e - 3 scrolls of teleportation
 i - 2 scrolls of fog
 j - a scroll of vulnerability {unknown}
 k - 2 scrolls of enchant armour {unknown}
 J - 2 scrolls of fear
 K - a scroll of acquirement {unknown}
Potions
 g - a potion of enlightenment {unknown}
 h - a potion of resistance {unknown}
 l - 3 potions of curing
 m - 2 potions of attraction
 n - 2 potions of heal wounds
 p - a potion of cancellation {unknown}
 z - 3 potions of invisibility
 D - a potion of haste
 H - a potion of berserk rage {unknown}
 I - a potion of ambrosia
 M - 2 potions of mutation {unknown}


   Skills:
 * Level 6.7 Fighting
 - Level 2.1 Polearms
 - Level 0.8 Throwing
 - Level 1.3 Armour
 - Level 2.1 Dodging
 * Level 5.4 Unarmed Combat
 - Level 2.2 Spellcasting
 + Level 5.1 Translocations
 + Level 3.9 Evocations
 * Level 5.0 Shapeshifting


You had 8 spell levels left.
You knew the following spells:

 Your Spells              Type           Power      Damage    Failure   Level
a - Blink                 Tloc           28%        N/A       2%          2
b - Lesser Beckoning      Tloc           28%        N/A       2%          2

Your spell library contained the following spells:

 Spells                   Type           Power      Damage    Failure   Level
 Gell's Gravitas          Tloc           14%        N/A       4%          3
 Teleport Other           Tloc           14%        N/A       4%          3
 Momentum Strike          Conj/Tloc      16%        3d8       6%          2
 Freeze                   Ice            4%         1d3       12%         1
 Kiss of Death            Conj/Necr      4%         2d5       12%         1
 Shock                    Conj/Air       4%         1d3       12%         1
 Manifold Assault         Tloc           14%        N/A       16%         4
 Confusing Touch          Hex            1%         N/A       34%         3
 Frozen Ramparts          Ice            2%         1d1       34%         3
 Hailstorm                Conj/Ice       1%         3d5       34%         3
 Swiftness                Air            1%         N/A       34%         3
 Vhi's Electric Charge    Tloc/Air       16%        N/A       38%         4
 Airstrike                Air            0%         2d(1-17)  73%         4
 Dispel Undead            Necr           1%         3d6       73%         4


Dungeon Overview and Level Annotations

Branches:
Dungeon (7/15)             Temple (1/1) D:5

Altars:
Ashenzari
Cheibriados
Fedhas
Gozag
Hepliaklqana
Kikubaaqudgha
Makhleb
Okawaru
Qazlal
Ru
Trog
Uskayaw
Wu Jian
Xom
Yredelemnul

Annotations:
D:5 hgbash's ghost, novice OpCj


Innate Abilities, Weirdness & Mutations

You have a pair of small antennae on your head.
A weak demonic guardian rushes to your aid.
A meltable icy envelope protects you from harm. (AC +4)
A meltable shield of frost defends you. (SH +4)


Message History

The hornet is lightly wounded.
You feel yourself speed up. The hornet stings you.
You feel yourself slow down. The hornet stings you.
You are poisoned.
You feel as though you will be slow longer.
You barely miss the hornet.
The hornet is lightly wounded.
You feel very sick. The hornet stings you.
You feel as though you will be slow longer.
The hornet stings you but does no damage.
You hit the hornet.
The hornet is moderately wounded.
You feel sick. The hornet stings you.
You are more poisoned.
You feel as though you will be slow longer.
The hornet stings you but does no damage.
You hit the hornet but do no damage.
The hornet is moderately wounded.
You feel very sick. The hornet barely misses you. The hornet stings you!
You are more poisoned.
You suddenly lose the ability to move!
You can move again.
You punch the hornet!
The hornet is heavily wounded.
You feel extremely sick. The hornet closely misses you. The hornet stings you.
* * * LOW HITPOINT WARNING * * *
You shrug off the repeated paralysis!
You barely miss the hornet.
The hornet is heavily wounded.
* * * LOW HITPOINT WARNING * * *
You feel very sick. The hornet stings you.
* * * LOW HITPOINT WARNING * * *
A demonic guardian appears!
You feel as though you will be slow longer.
The hornet stings you!
You die...

#......#........# #...#
#......#........## #...#
##.....##........# .
#.>.# ##......##>......#
.. #...#
........##.......# ...
##### ..#..............#
....
..#..............##.....
..#.[...........5.......
..#.............@y......
..+.....................
..######################
###


You could see a hornet (ally target) and a friendly ufetubus (summoned).

Vanquished Creatures
  Pikel (D:7)
  Menkaure (D:4)
  A water moccasin (D:7)
  A sky beast (D:6)
  An ogre (D:5)
  A phantom (D:4)
  A kobold brigand (D:7)
  2 bullfrogs (D:6)
  2 scorpions
  8 wights
  2 howler monkeys
  A quasit (D:5)
  4 hounds
  A bombardier beetle (D:6)
  5 iguanas
  A sleepcap (D:7)
  2 orc wizards
  A killer bee zombie (D:7)
  3 gnolls (D:3)
  10 adders
  A shadow imp (D:5)
  2 ribbon worms
  2 dart slugs
  16 orcs
  4 endoplasms
  A giant cockroach (D:2)
  8 goblins
  4 hobgoblins
  4 kobolds
  2 quokkas
  8 ball pythons
  5 bats
  A frilled lizard (D:2)
  3 rats
110 creatures vanquished.

Vanquished Creatures (collateral kills)
  An unseen horror zombie (D:7)
  An iguana (D:3)
  An orc wizard (D:7)
  Robin (D:2)
  An orc (D:7)
  3 goblins (D:2)
  A quokka (D:1)
9 creatures vanquished.

Grand Total: 119 creatures vanquished

Notes
Turn   | Place    | Note
-------+----------+-------------------------------------------
     0 | D:1      | javelincjr the Demonspawn Warper began the quest for the
                  | Orb.
     0 | D:1      | Reached XP level 1. HP: 16/16 MP: 3/3
   184 | D:1      | Reached skill level 1 in Armour
   219 | D:1      | Gained mutation: A weak demonic guardian rushes to your
                  | aid. [demonic ancestry]
   219 | D:1      | Reached XP level 2. HP: 22/22 MP: 5/5
  1018 | D:2      | Reached XP level 3. HP: 7/28 MP: 6/6
  1103 | D:2      | Learned a level 2 spell: Blink
  1106 | D:2      | Learned a level 2 spell: Lesser Beckoning
  1282 | D:2      | Noticed Robin
  1303 | D:2      | Killed Robin
  1304 | D:2      | Gained mutation: A meltable shield of frost defends you.
                  | (SH +4) [demonic ancestry]
  1304 | D:2      | Reached XP level 4. HP: 20/34 MP: 7/7
  1327 | D:2      | Identified the +2 pair of gloves of Pedyirum {+Inv}
  1863 | D:3      | Reached skill level 3 in Fighting
  1898 | D:3      | Found a snail-covered altar of Cheibriados.
  1970 | D:3      | Reached skill level 1 in Unarmed Combat
  1970 | D:3      | Reached skill level 1 in Shapeshifting
  1972 | D:3      | Gained mutation: A meltable icy envelope protects you from
                  | harm. (AC +4) [demonic ancestry]
  1972 | D:3      | Reached XP level 5. HP: 36/41 MP: 8/8
  2443 | D:4      | Reached skill level 1 in Evocations
  2526 | D:4      | Noticed Menkaure
  2528 | D:4      | Killed Menkaure
  2529 | D:4      | Reached XP level 6. HP: 48/48 MP: 9/9
  3086 | D:5      | Entered Level 5 of the Dungeon
  3087 | D:5      | Found a staircase to the Ecumenical Temple.
  3120 | D:4      | Reached skill level 4 in Fighting
  3181 | D:4      | HP: 2/48 [something (4)]
  3428 | D:5      | Reached XP level 7. HP: 49/54 MP: 10/10
  3511 | D:5      | HP: 1/49 [wight/+3 battleaxe (6)]
  3957 | D:5      | Noticed hgbash's ghost (novice OpCj)
  3974 | D:5      | Found a transporter.
  4140 | D:5      | Reached XP level 8. HP: 34/61 MP: 11/11
  4191 | Temple   | Entered the Ecumenical Temple
  4205 | Temple   | Reached skill level 5 in Fighting
  4524 | D:5      | Found a transporter.
  4984 | D:6      | Found a stormy altar of Qazlal.
  5463 | D:6      | Found a hazy altar of Hepliaklqana.
  6042 | D:7      | Reached skill level 6 in Fighting
  6368 | D:7      | Noticed Pikel
  6562 | D:7      | Killed Pikel
  6563 | D:7      | Reached skill level 5 in Unarmed Combat
  6563 | D:7      | Gained mutation: You have a pair of small antennae on your
                  | head. [demonic ancestry]
  6563 | D:7      | Reached XP level 9. HP: 71/71 MP: 12/12
  6712 | D:7      | Reached skill level 5 in Translocations
  6781 | D:7      | Found a basalt altar of Yredelemnul.
  6805 | D:7      | Reached skill level 5 in Shapeshifting
  6937 | D:7      | Noticed a white ugly thing
  7157 | D:7      | Paralysed by a hornet for 1 turns
  7159 | D:7      | Slain by a hornet

Illustrated notes

Levels and vault maps discovered:
D:1:      minmay_arrival_stair_chambers, layout_loops_ring, nrook_loot_triangle
D:2:      layout_rooms, hangedman_decor_slide_cut, uniq_robin
D:3:      layout_loops_ring, cheibriados_altar_1, hex_tiny, minmay_crystal_room,
          serial_bayou_pond_e, feat_on_display
D:4:      layout_loops_ring, elyvilon_altar_5, uniq_menkaure
D:5:      layout_loops_ring, minmay_temple_entry_trees,
          gammafunk_ghost_stat_death, saegor_snake_ambush
D:6:      layout_loops_ring, grunt_qazlal_clouds,
          worldfamousw_hep_ancestral_shrine, kennysheep_generic_room_12
D:7:      minmay_cornered_nines, layout_gridville,
          lemuel_zombie_altar_yredelemnul, kennysheep_generic_room_10,
          uniq_pikel
Temple:   oiseaux_autumnal_temple

Skill      XL: |  1  2  3  4  5  6  7  8  9 |
---------------+----------------------------+-----
Armour         | 1 |  1.3
Polearms       | 2 |  2.1
Dodging        | 2 |  2.1
Translocations | 3 4 5 |  5.1
Fighting       | 3 4 6 |  6.7
Unarmed Combat | 1 2 3 5 |  5.4
Shapeshifting  | 1 2 3 4 5 |  5.0
Evocations     | 1 2 3 |  3.9
Throwing       | |  0.8
Spellcasting   | |  2.2

Action                     |  1- 3 |  4- 6 |  7- 9 || total
---------------------------+-------+-------+-------++-------
  Melee: Spear             |   122 |    39 |     1 ||   162
         Mace              |       |   140 |   249 ||   389
         Unarmed           |       |       |   189 ||   189
         Punch             |       |       |     3 ||     3
   Fire: Arbalest          |       |     4 |     3 ||     7
  Throw: Dart              |       |     4 |     2 ||     6
         Boomerang         |       |     2 |    23 ||    25
   Cast: Lesser Beckoning  |     2 |       |     2 ||     4
         Blink             |       |     2 |     8 ||    10
  Evoke: Wand              |       |     2 |     2 ||     4
    Use: Scroll            |     4 |     2 |     5 ||    11
         Potion            |       |     1 |     1 ||     2
   Stab: Sleeping          |     1 |     1 |     1 ||     3
         Distracted        |       |       |     4 ||     4
 Armour: Leather armour    |    69 |   138 |   441 ||   648
  Dodge: Dodged            |    57 |    98 |   327 ||   482
  Block: Other             |       |    35 |    95 ||   130

Table legend: (Time is in decaauts)
 A = Elapsed time spent in this place.
 B = Non-inter-level travel time spent in this place.
 C = Inter-level travel time spent in this place.
 D = Time resting spent in this place.
 E = Time spent auto-exploring this place.
 F = Levels seen in this place.
 G = Mean time per level.
                   A        B        C        D        E       F      G
               +--------+--------+--------+--------+--------+-----+--------+
         Total |   7338 |   7076 |    262 |    841 |   4448 |   8 |  917.2 |
       Dungeon |   7186 |   6924 |    262 |    733 |   4448 |   7 | 1026.6 |
        Temple |    151 |    151 |      0 |    108 |      0 |   1 |  151.0 |
               +--------+--------+--------+--------+--------+-----+--------+

Top non-repeatable levels by time:
     D:5: 1245 daAuts
     D:6: 1230 daAuts
     D:4: 1185 daAuts
     D:7: 1165 daAuts
     D:1: 887 daAuts
     D:3: 832 daAuts
     D:2: 640 daAuts
  Temple: 151 daAuts
